General information
- name: BNet
- type: Ladder team game (AT/RT)
- host: Battle.net
- saver: Grinch.
map: Mur'gulOasis
- players: 8
- length: 22:56
- speed: Fast
- version: 1.26 W3XP
- replay type: Public
» download(139 KB)
Players
team 1 (loser)
booth (
red | 60 APM | 1367 actions | 22:55)
4 Demon Hunter
1 Immolation
2 Mana Burn
1 Evasion
4 Priestess of the Moon
2 Searing Arrows
2 Trueshot Aura
» actions
| Assign group hotkey | 27 | |
| Build / train | 60 | |
| ESC pressed | 4 | |
| Enter build submenu | 19 | |
| Enter hero's abilities submenu | 10 | |
| Give item / drop item | 3 | |
| Right click | 571 | |
| Select / deselect | 257 | |
| Select group hotkey | 375 | |
| Use ability | 41 | |
1367 total
» units
| Wisp | 12 | |
| Archer | 3 | |
| Huntress | 1 | |
| Dryad | 9 | |
| Chimaera | 10 | |
| Rifleman | 1 | |
36 total
» upgrades
| Strength of the Wild | 2 | |
| Reinforced Hides | 2 | |
| Abolish Magic | 1 | |
| Corrosive Breath | 1 | |
6 total
» buildings
| Altar of Elders | 1 | |
| Moon Well | 6 | |
| Ancient of War | 1 | |
| Tree of Ages | 2 | |
| Hunter's Hall | 1 | |
| Ancient of Lore | 1 | |
| Tree of Eternity | 1 | |
| Ancient of Wind | 1 | |
| Chimaera Roost | 1 | |
| Ancient of Wonders | 1 | |
| Altar of Kings | 1 | |
17 total
» build order
00:04 Altar of Elders
00:18 Moon Well
00:45 Ancient of War
01:30 Moon Well
02:27 Tree of Ages
02:57 Moon Well
03:55 Moon Well
03:59 Hunter's Hall
05:09 Moon Well
05:13 Ancient of Lore
06:00 Tree of Eternity
08:01 Ancient of Wind
08:23 Moon Well
09:23 Chimaera Roost
09:48 Ancient of Wonders
18:29 Altar of Kings
» items
| Scroll of Town Portal | 1 | |
| Potion of Healing | 2 | |
| Potion of Lesser Invulnerability | 1 | |
| Scroll of Healing | 1 | |
5 total
TorOfNor (
teal | 35 APM | 520 actions | 14:56)
3 Archmage
1 Summon Water Elemental
2 Brilliance Aura
2 Mountain King
1 Storm Bolt
1 Thunder Clap
1 Paladin
1 Holy Light
» actions
| Assign group hotkey | 2 | |
| Build / train | 51 | |
| ESC pressed | 1 | |
| Enter build submenu | 23 | |
| Enter hero's abilities submenu | 6 | |
| Right click | 196 | |
| Select / deselect | 178 | |
| Use ability | 63 | |
520 total
» units
| Peasant | 8 | |
| Footman | 12 | |
| Priest | 7 | |
| Knight | 3 | |
30 total
» upgrades
| Defend | 1 | |
| Swords | 1 | |
| Priest Training | 2 | |
| Plating | 1 | |
5 total
» buildings
| Farm | 12 | |
| Altar of Kings | 1 | |
| Barracks | 1 | |
| Scout Tower | 3 | |
| Arcane Tower | 1 | |
| Lumber Mill | 1 | |
| Keep | 1 | |
| Arcane Vault | 1 | |
| Blacksmith | 1 | |
| Arcane Sanctum | 1 | |
| Castle | 1 | |
| Guard Tower | 2 | |
26 total
» build order
00:24 Farm
00:28 Altar of Kings
00:39 Farm
00:44 Barracks
01:08 Farm
02:03 Scout Tower
02:20 Farm
02:25 Arcane Tower
03:07 Lumber Mill
03:28 Keep
03:51 Farm
04:17 Arcane Vault
05:17 Blacksmith
05:29 Farm
06:36 Farm
06:44 Arcane Sanctum
07:03 Farm
08:00 Castle
09:42 Scout Tower
09:57 Scout Tower
10:13 Farm
10:17 Guard Tower
10:26 Guard Tower
11:54 Farm
13:03 Farm
13:31 Farm
» items
| Scroll of Regeneration | 1 | |
| Lesser Clarity Potion | 1 | |
2 total

»
lKN0WHATIMDOlN (
pink | 82 APM | 1869 actions | 22:40)
4 Dark Ranger
2 Black Arrow
2 Life Drain
4 Death Knight
2 Death Coil
2 Unholy Aura
» actions
| Assign group hotkey | 31 | |
| Basic commands | 95 | |
| Build / train | 65 | |
| Enter build submenu | 26 | |
| Enter hero's abilities submenu | 8 | |
| Right click | 435 | |
| Select / deselect | 311 | |
| Select group hotkey | 840 | |
| Use ability | 58 | |
1869 total
» units
| Acolyte | 3 | |
| Ghoul | 5 | |
| Crypt Fiend | 7 | |
| Obsidian Statue | 4 | |
| Rifleman | 8 | |
| Priest | 5 | |
| Peasant | 5 | |
37 total
» upgrades
| Creature Attack | 2 | |
| Web | 1 | |
| Creature Carapace | 3 | |
| Destroyer Form | 1 | |
| Long Rifles | 1 | |
| Gunpowder | 2 | |
| Armor | 1 | |
11 total
» buildings
| Crypt | 1 | |
| Altar of Darkness | 1 | |
| Ziggurat | 7 | |
| Nerubian Tower | 3 | |
| Graveyard | 4 | |
| Halls of the Dead | 1 | |
| Spirit Tower | 2 | |
| Tomb of Relics | 2 | |
| Slaughterhouse | 2 | |
| Black Citadel | 1 | |
| Necropolis | 1 | |
25 total
» build order
00:15 Crypt
00:23 Altar of Darkness
01:04 Ziggurat
01:31 Ziggurat
02:11 Nerubian Tower
03:02 Graveyard
03:14 Graveyard
03:24 Graveyard
03:35 Graveyard
03:41 Halls of the Dead
04:02 Ziggurat
04:12 Ziggurat
04:19 Ziggurat
05:19 Nerubian Tower
05:20 Nerubian Tower
05:22 Spirit Tower
06:55 Tomb of Relics
07:00 Tomb of Relics
07:37 Slaughterhouse
07:45 Slaughterhouse
09:51 Black Citadel
12:20 Ziggurat
12:31 Ziggurat
13:44 Spirit Tower
17:40 Necropolis
best_fiend (
green | 39 APM | 885 actions | 22:47)
4 Death Knight
2 Death Coil
1 Death Pact
1 Unholy Aura
» actions
| Assign group hotkey | 20 | |
| Basic commands | 103 | |
| Build / train | 40 | |
| Enter build submenu | 12 | |
| Enter hero's abilities submenu | 4 | |
| Right click | 308 | |
| Select / deselect | 238 | |
| Select group hotkey | 128 | |
| Use ability | 32 | |
885 total
» units
| Acolyte | 3 | |
| Ghoul | 4 | |
| Crypt Fiend | 18 | |
25 total
» upgrades
| Creature Attack | 2 | |
| Creature Carapace | 1 | |
| Web | 1 | |
| Burrow | 1 | |
5 total
» buildings
| Altar of Darkness | 2 | |
| Ziggurat | 5 | |
| Crypt | 2 | |
| Graveyard | 1 | |
| Tomb of Relics | 1 | |
| Halls of the Dead | 1 | |
| Black Citadel | 1 | |
| Sacrificial Pit | 2 | |
| Nerubian Tower | 1 | |
16 total
» build order
00:06 Altar of Darkness
00:08 Ziggurat
00:11 Crypt
00:32 Altar of Darkness
01:46 Crypt
02:05 Graveyard
03:01 Ziggurat
03:04 Ziggurat
08:05 Tomb of Relics
08:13 Halls of the Dead
08:49 Ziggurat
08:50 Ziggurat
10:54 Black Citadel
13:09 Sacrificial Pit
13:30 Nerubian Tower
20:17 Sacrificial Pit
» items
| Dust of Appearance | 1 | |
| Scroll of Town Portal | 1 | |
2 total
team 2 (winner)

»
CHECO (
yellow | 94 APM | 2162 actions | 22:56)
6 Dark Ranger
3 Black Arrow
1 Life Drain
1 Silence
1 Charm
5 Naga Sea Witch
3 Forked Lightning
1 Mana Shield
1 Frost Arrows
3 Death Knight
1 Death Pact
2 Death Coil
» actions
| Assign group hotkey | 46 | |
| Basic commands | 337 | |
| Build / train | 101 | |
| ESC pressed | 2 | |
| Enter build submenu | 23 | |
| Enter hero's abilities submenu | 14 | |
| Right click | 411 | |
| Select / deselect | 271 | |
| Select group hotkey | 900 | |
| Use ability | 57 | |
2162 total
» units
| Acolyte | 7 | |
| Ghoul | 7 | |
| Crypt Fiend | 7 | |
| Obsidian Statue | 7 | |
| Meatwagon | 1 | |
| Necromancer | 2 | |
| Abomination | 1 | |
32 total
» upgrades
| Cannibalize | 1 | |
| Web | 1 | |
| Creature Attack | 2 | |
| Burrow | 1 | |
| Exhume Corpses | 1 | |
| Creature Carapace | 1 | |
| Necromancer Training | 2 | |
| Skeletal Longevity | 1 | |
| Destroyer Form | 1 | |
| Disease Cloud | 1 | |
12 total
» buildings
| Crypt | 2 | |
| Ziggurat | 8 | |
| Altar of Darkness | 2 | |
| Nerubian Tower | 5 | |
| Tomb of Relics | 1 | |
| Graveyard | 1 | |
| Halls of the Dead | 4 | |
| Spirit Tower | 3 | |
| Slaughterhouse | 1 | |
| Black Citadel | 3 | |
| Temple of the Damned | 1 | |
| Sacrificial Pit | 1 | |
| Boneyard | 2 | |
34 total
» build order
00:13 Crypt
00:17 Ziggurat
00:36 Altar of Darkness
00:39 Altar of Darkness
01:07 Ziggurat
01:20 Nerubian Tower
01:20 Nerubian Tower
01:20 Nerubian Tower
02:51 Tomb of Relics
03:13 Graveyard
03:31 Ziggurat
03:47 Halls of the Dead
03:48 Halls of the Dead
03:48 Halls of the Dead
04:21 Nerubian Tower
04:21 Nerubian Tower
04:40 Spirit Tower
04:40 Spirit Tower
06:00 Crypt
07:02 Slaughterhouse
08:04 Ziggurat
08:16 Ziggurat
11:10 Black Citadel
11:11 Black Citadel
11:11 Black Citadel
11:20 Temple of the Damned
12:07 Sacrificial Pit
13:52 Ziggurat
21:13 Boneyard
21:32 Boneyard
21:41 Ziggurat
22:14 Ziggurat
» items
| Potion of Lesser Invulnerability | 1 | |
| Scroll of Protection | 1 | |
2 total
Grinch. (
orange | 62 APM | 1427 actions | 22:56)
7 Blademaster
3 Wind Walk
3 Critical Strike
1 Bladestorm
» actions
| Assign group hotkey | 47 | |
| Basic commands | 16 | |
| Build / train | 76 | |
| Enter build submenu | 30 | |
| Enter hero's abilities submenu | 7 | |
| Give item / drop item | 6 | |
| Remove unit from queue | 3 | |
| Right click | 677 | |
| Select / deselect | 289 | |
| Select group hotkey | 154 | |
| Use ability | 122 | |
1427 total
» units
| Peon | 16 | |
| Grunt | 4 | |
| Troll Batrider | 14 | |
| Wind Rider | 5 | |
39 total
» upgrades
| Pillage | 0 | |
| Ranged Weapons | 3 | |
| Armor | 3 | |
| Liquid Fire | 1 | |
| Troll Regeneration | 1 | |
| Reinforced Defenses | 1 | |
9 total
» buildings
| Orc Burrow | 5 | |
| Altar of Storms | 1 | |
| Barracks | 1 | |
| Voodoo Lounge | 1 | |
| Stronghold | 1 | |
| War Mill | 2 | |
| Watch Tower | 15 | |
| Beastiary | 2 | |
| Great Hall | 1 | |
| Fortress | 1 | |
30 total
» build order
00:12 Orc Burrow
00:59 Altar of Storms
00:59 Barracks
01:14 Orc Burrow
01:36 Voodoo Lounge
03:21 Stronghold
03:39 War Mill
04:17 Orc Burrow
04:59 Watch Tower
04:59 Watch Tower
04:59 Watch Tower
05:21 Watch Tower
05:22 Watch Tower
07:18 Beastiary
07:19 Beastiary
07:28 Great Hall
08:54 Fortress
09:33 Orc Burrow
09:34 Orc Burrow
18:13 War Mill
20:40 Watch Tower
20:40 Watch Tower
20:40 Watch Tower
20:41 Watch Tower
20:42 Watch Tower
21:39 Watch Tower
21:42 Watch Tower
21:52 Watch Tower
21:52 Watch Tower
21:56 Watch Tower
» items
| Healing Salve | 5 | |
| Boots of Speed | 1 | |
| Periapt of Vitality | 1 | |
| Scroll of Town Portal | 3 | |
| Orb of Lightning | 1 | |
| Lesser Clarity Potion | 2 | |
| Potion of Healing | 1 | |
| Potion of Mana | 1 | |
15 total

»
kyurem (
purple | 35 APM | 813 actions | 22:56)
5 Dark Ranger
3 Black Arrow
2 Silence
3 Shadow Hunter
2 Healing Wave
1 Hex
» actions
| Build / train | 73 | |
| Enter build submenu | 29 | |
| Enter hero's abilities submenu | 8 | |
| Give item / drop item | 4 | |
| Remove unit from queue | 1 | |
| Right click | 361 | |
| Select / deselect | 263 | |
| Use ability | 74 | |
813 total
» units
| Peon | 18 | |
| Grunt | 12 | |
| Wind Rider | 8 | |
| Troll Headhunter/Berserker | 3 | |
| Tauren | 2 | |
43 total
» upgrades
| Melee Weapons | 4 | |
| Armor | 1 | |
| Ranged Weapons | 1 | |
| Troll Regeneration | 1 | |
| Berserker Strength | 1 | |
| Berserker Upgrade | 1 | |
| Envenomed Spears | 1 | |
| Burning Oil | 1 | |
| Pillage | 1 | |
| Pulverize | 1 | |
13 total
» buildings
| Orc Burrow | 7 | |
| Altar of Storms | 1 | |
| Barracks | 1 | |
| War Mill | 1 | |
| Voodoo Lounge | 1 | |
| Watch Tower | 11 | |
| Stronghold | 1 | |
| Beastiary | 2 | |
| Great Hall | 1 | |
| Fortress | 1 | |
| Tauren Totem | 1 | |
| Spirit Lodge | 1 | |
29 total
» build order
00:25 Orc Burrow
00:53 Altar of Storms
00:59 Barracks
01:23 Orc Burrow
01:57 War Mill
02:46 Voodoo Lounge
03:12 Watch Tower
03:37 Orc Burrow
04:21 Watch Tower
05:22 Stronghold
05:27 Watch Tower
06:28 Orc Burrow
06:33 Orc Burrow
06:37 Watch Tower
07:51 Beastiary
08:57 Beastiary
09:00 Watch Tower
10:48 Watch Tower
11:47 Orc Burrow
11:50 Orc Burrow
12:04 Great Hall
12:54 Fortress
13:27 Watch Tower
13:31 Watch Tower
14:57 Watch Tower
17:34 Watch Tower
17:49 Tauren Totem
18:46 Watch Tower
22:27 Spirit Lodge
» items
Chat log
(00:35 / Allies) kyurem: ?=
(00:37 / All) Grinch.: wait a sec gotta answer door
(00:49 / Allies) kyurem: ye i kno
(00:50 / Allies) Grinch.: 1
(00:53 / All) Grinch.: Thanks gentlemen
(01:01 / All) best_fiend: no problem sur
(01:05 / All) best_fiend: sir
(01:06 / All) best_fiend: red
(01:09 / All) best_fiend: is brazilian
(01:10 / Allies) Grinch.: why would he search
(01:22 / Allies) Grinch.: he's got like 400 games played
(02:05 / Allies) kyurem: yellow
(02:09 / Allies) kyurem: share control to take a hero
(02:10 / Allies) kyurem: plz
(02:21 / Allies) kyurem: yellow
(02:25 / Allies) kyurem: plz share control
(02:58 / Allies) Grinch.: I'll go bats
(10:46 / Allies) Grinch.: b
(11:19 / Allies) Grinch.: heal up quick
(11:32 / Allies) Grinch.: purple go heal quickly
(11:55 / Allies) Grinch.: wood?
(12:39 / Allies) kyurem: omw
(13:05 / Allies) Grinch.: tjehy coming
(14:08 / Allies) Grinch.: wood?
(15:00 / All) lKN0WHATIMDOlN: noobs
(15:33 / Allies) Grinch.: tp
(15:40 / Allies) kyurem: tpp
(15:40 / Allies) kyurem: tp
(20:32 / All) Grinch.: whopops
(20:48 / Allies) Grinch.: wood?
(21:11 / Allies) Grinch.: I need wood guys
(21:33 / Allies) Grinch.: ty
(22:38 / All) lKN0WHATIMDOlN: green go fuken kill u self asshole